 Dungeon Crawl Stone Soup version 0.31-a0-963-ga325b2283a (webtiles) character file.

Game seed: 7288509179804136181

1950 IdlyInterested the Changeling (level 8, -5/53 (54) HPs)
             Began as a Demonspawn Shapeshifter on Oct 25, 2023.
             Slain by a wight
             ... wielding a +0 hand axe
              (8 damage)
             ... on level 6 of the Dungeon.
             The game lasted 00:18:35 (5732 turns).

IdlyInterested the Changeling (DsSh)                Turns: 5732, Time: 00:18:35

HP:   -5/53 (54)    AC: 10    Str: 16    XL:     8   Next: 99%
MP:   12/12         EV: 12    Int: 11    God:
Gold: 238           SH:  0    Dex: 14    Spells: 13/13 levels left

rFire   + . .        m - melded +3 short sword
rCold   . . .        (shield currently unavailable)
rNeg    . . .        F - +1 robe {rF+}
rPois   .            (helmet restricted)
rElec   .            (no cloak)
rCorr   .            x - +0 pair of gloves
SInv    .            (no boots)
Will    .....        (no amulet)
Stlth   +            e - +4 ring of slaying
HPRegen 0.28/turn    (no ring)
MPRegen 0.13/turn

%: no passive effects
@: mighty, flux-form, sanguine armoured, glowing, lightly drained
A: glow, contaminating, horns 2, ignite blood 2, sanguine armour 1, demonic
magic 1
a: Begin Untransformation


You were on level 6 of the Dungeon.
You were something dangerously unstable.
You visited 1 branch of the dungeon, and saw 6 of its levels.

You collected 238 gold pieces.

Inventory:

Hand Weapons
 m - a +3 short sword (melded)
 o - a +1 dagger of venom
 A - a +1 short sword of protection
 E - a +1 dagger of freezing
 G - a +0 mace of draining
Missiles
 f - 3 boomerangs
 g - 37 stones (quivered)
 l - 6 javelins
 p - 24 poisoned darts
 q - a curare-tipped dart
Armour
 w - the +3 scale mail "Rafu" {*Slow Int+4 Stlth+}
   (You found it on level 3 of the Dungeon)

   Int+4:     It affects your intelligence (+4).
   *Slow:     It may slow you when you take damage.
   Stlth+:    It makes you more stealthy.
 x - a +0 pair of gloves (worn)
 F - a +1 robe of fire resistance (worn)
Jewellery
 e - a +4 ring of slaying (left hand)
Talismans
 c - a beast talisman
 d - a flux talisman (active)
Wands
 v - a wand of acid (9)
Scrolls
 s - a scroll of enchant weapon
 u - 4 scrolls of enchant armour
 y - a scroll of amnesia
Potions
 b - 2 potions of lignification
 j - a potion of invisibility
 n - a potion of attraction
 r - 3 potions of curing
 t - a potion of might
 z - a potion of ambrosia
 B - a potion of enlightenment


   Skills:
 - Level 1.0 Fighting
 * Level 5.3 Short Blades
 - Level 1.0 Throwing
 - Level 1.0 Armour
 - Level 2.0 Dodging
 - Level 4.0 Stealth
 - Level 1.0 Shields
 - Level 3.0 Unarmed Combat
 + Level 3.0 Spellcasting
 - Level 1.0 Evocations
 - Level 7.0 Shapeshifting


You had 13 spell levels left.
You didn't know any spells.
Your spell library contained the following spells:

 Spells                   Type           Power      Damage    Failure   Level
 Apportation              Tloc           2%         N/A       26%         1
 Necrotise                Necr           4%         1d4       26%         1
 Summon Small Mammal      Summ           4%         N/A       26%         1
 Jinxbite                 Hex            2%         N/A       36%         2
 Vhi's Electric Charge    Tloc/Air       2%         N/A       95%         4
 Alistair's Intoxication  Tmut/Pois      0%         N/A       100%        5
 Arcjolt                  Conj/Air       0%         1d10      100%        5
 Maxwell's Capacitive Co  Air            0%         ∞         100%        8


Dungeon Overview and Level Annotations

Branches:
Dungeon (6/15)
 Temple: D:4-7

Altars:
Uskayaw
Vehumet


Innate Abilities, Weirdness & Mutations

You are something dangerously unstable.
You glow with magical radiation, making you easy to see and hit.
Foes you strike become dangerously contaminated with magical radiation.
You are incapable of wielding weapons or throwing items.
You have a pair of horns on your head.
Your demonic aura often causes spilled blood to erupt in flames.
When seriously injured, your blood forms armour. (AC +6)
Spells you cast may paralyse adjacent enemies.


Message History

A scorpion comes into view.
Your Spellcasting skill increases to level 3!
Found a stone staircase leading down.
The centaur unwields a +0 orcbow.
The centaur hits you but does no damage.
The centaur kicks you but does no damage.
The gnoll misses you. The gnoll closely misses you.
The centaur hits you but does no damage.
The centaur kicks you but does no damage.
Things that are here:
a +0 flail; a hound corpse; a gnoll corpse You hit the gnoll.
The gnoll begins to glow.
You headbutt the gnoll.
The gnoll is heavily wounded.
The gnoll hits you but does no damage. x2; The centaur hits you.
* * * LOW HITPOINT WARNING * * *
The centaur closely misses you.
You hit the gnoll.
The gnoll glows dangerously bright.
Your headbutt misses the gnoll.
The gnoll is severely wounded.
The centaur closely misses you. x2; The gnoll hits you with a +0 flail.
* * * LOW HITPOINT WARNING * * *
The gnoll closely misses you. The centaur closely misses you.
The centaur barely misses you.
You barely miss the gnoll.
The gnoll is severely wounded.
The sentinel's mark upon you fades away.
The gnoll hits you with a +0 spear.
* * * LOW HITPOINT WARNING * * *
The gnoll hits you but does no damage.
The centaur hits you but does no damage.
The centaur kicks you but does no damage.
You barely miss the gnoll.
The gnoll is severely wounded.
The centaur hits you but does no damage.
The centaur misses you. The gnoll closely misses you. The gnoll misses you.
The centaur hits you but does no damage.
The centaur barely misses you.
You hit the gnoll.
You kill the gnoll!
The wight hits you with a +0 hand axe!
You die...

#.# #####.##
#......# #......#
#......#
###.....=######
......gc)..>...
####### #p# ......#
########z##
.####.###...z..zzz#
.# #..........z...#
.# #..............#
.# #..............#
.# #..............#
## #..............#
#..............#


You could see a centaur, 5 wights and a gnoll (misshapen).

Vanquished Creatures
  The ghost of RandomusNamus the Slasher, an amateur MiRe (D:4)
  A water moccasin (D:4)
  An orc warrior (D:5)
  An ice beast (D:5)
  2 ogres
  A centaur (D:5)
  Blork the orc (D:5)
  2 phantoms (D:5)
  2 kobold brigands (D:6)
  3 scorpions
  A howler monkey (D:5)
  4 hounds
  2 jellies
  An orc wizard (D:6)
  Jessica (D:2)
  Natasha (thrice) (D:3)
  Robin (D:4)
  3 gnolls (D:6)
  12 adders
  6 ufetubi
  A worm (D:2)
  A dart slug (D:2)
  16 orcs
  8 ball pythons
  11 bats
  6 endoplasms
  2 giant cockroaches
  10 goblins
  12 hobgoblins
  2 jackals (D:1)
  6 quokkas
  5 frilled lizards (D:1)
  19 kobolds
  5 rats
153 creatures vanquished.

Notes
Turn   | Place    | Note
-------+----------+-------------------------------------------
     0 | D:1      | IdlyInterested the Demonspawn Shapeshifter began the quest
                  | for the Orb.
     0 | D:1      | Reached XP level 1. HP: 15/15 MP: 1/1
    81 | D:1      | Gained mutation: Your demonic aura sometimes causes spilled
                  | blood to erupt in flames. [demonic ancestry]
    81 | D:1      | Reached XP level 2. HP: 16/21 MP: 2/2
   140 | D:1      | Reached skill level 1 in Armour
   303 | D:1      | Reached skill level 3 in Shapeshifting
   372 | D:1      | Reached XP level 3. HP: 26/26 MP: 3/3
   751 | D:2      | Reached skill level 1 in Stealth
  1112 | D:2      | Noticed Jessica
  1119 | D:2      | Killed Jessica
  1120 | D:2      | Reached skill level 1 in Throwing
  1120 | D:2      | Gained mutation: You have a pair of small horns on your
                  | head. [demonic ancestry]
  1120 | D:2      | Reached XP level 4. HP: 6/32 MP: 4/4
  1731 | D:3      | Noticed a scorpion
  1746 | D:3      | Killed a scorpion
  1747 | D:3      | Reached skill level 1 in Shields
  1747 | D:3      | Reached skill level 4 in Shapeshifting
  1747 | D:3      | Gained mutation: You have a pair of horns on your head.
                  | [demonic ancestry]
  1747 | D:3      | Reached XP level 5. HP: 13/37 MP: 5/5
  2012 | D:3      | Noticed Natasha
  2014 | D:3      | Killed Natasha
  2032 | D:3      | Identified the +3 scale mail "Rafu" {*Slow Int+4 Stlth+}
  2067 | D:3      | Noticed Natasha
  2078 | D:3      | Killed Natasha
  2321 | D:3      | Noticed Natasha
  2329 | D:3      | Killed Natasha
  2330 | D:3      | Reached skill level 5 in Shapeshifting
  2330 | D:3      | Gained mutation: Spells you cast may paralyse adjacent
                  | enemies. [demonic ancestry]
  2330 | D:3      | Reached XP level 6. HP: 43/43 MP: 6/6
  2942 | D:4      | You fall into a shaft and drop 2 floors!
  2960 | D:6      | Reached skill level 1 in Evocations
  3139 | D:5      | Entered Level 5 of the Dungeon
  3282 | D:5      | Reached skill level 1 in Spellcasting
  3309 | D:4      | Noticed a water moccasin
  3312 | D:4      | Gained mutation: Your demonic aura often causes spilled
                  | blood to erupt in flames. [demonic ancestry]
  3312 | D:4      | Reached XP level 7. HP: 48/48 MP: 8/8
  3326 | D:4      | Reached skill level 6 in Shapeshifting
  3460 | D:4      | Noticed Robin
  3471 | D:4      | Killed Robin
  3711 | D:4      | Noticed a +0 hand axe
  3712 | D:4      | Noticed a +0 dagger
  3837 | D:4      | Found a hide-covered altar of Uskayaw.
  3890 | D:4      | Found a runed translucent door.
  3890 | D:4      | Noticed RandomusNamus's ghost (amateur MiRe)
  4131 | D:4      | Killed RandomusNamus's ghost
  4132 | D:4      | Reached skill level 7 in Shapeshifting
  4239 | D:5      | Reached skill level 1 in Short Blades
  4239 | D:5      | Gained mutation: When seriously injured, your blood forms
                  | armour. (AC +6) [demonic ancestry]
  4239 | D:5      | Reached XP level 8. HP: 54/54 MP: 11/11
  4471 | D:5      | Found a radiant altar of Vehumet.
  5330 | D:5      | Noticed Blork the orc
  5339 | D:5      | Killed Blork the orc
  5340 | D:5      | Reached skill level 5 in Short Blades
  5732 | D:6      | Slain by a wight

Illustrated notes

Levels and vault maps discovered:
D:1:      lightli_arrival_farm, layout_basic
D:2:      layout_loops_cross, kennysheep_jessica_study
D:3:      layout_loops_ring, uniq_natasha
D:4:      layout_cave_pools, dancing_weapons_uskayaw,
          hellmonk_ghost_happy_afterlife, dk_noncrumbling_2, uniq_robin
D:5:      cheibrodos_barr_body, layout_cave_pods, vehumet_crystals,
          uniq_blork_the_orc
D:6:      layout_basic, minmay_temple_entry_trees

Skill      XL: |  1  2  3  4  5  6  7  8 |
---------------+-------------------------+-----
Dodging        | 2 |  2.0
Armour         | 1 |  1.0
Unarmed Combat | 3 |  3.0
Shapeshifting  | 3 4 5 7 |  7.0
Stealth        | 1 2 4 |  4.0
Throwing       | 1 |  1.0
Shields        | 1 |  1.0
Evocations     | 1 |  1.0
Spellcasting   | 1 2 3 |  3.0
Short Blades   | 1 5 |  5.3
Fighting       | |  1.0

Action                     |  1- 3 |  4- 6 |  7- 9 || total
---------------------------+-------+-------+-------++-------
  Melee: Unarmed           |    87 |   122 |   148 ||   357
         Punch             |     2 |     6 |     1 ||     9
         Headbutt          |       |    23 |    31 ||    54
         Short sword       |       |       |     8 ||     8
  Throw: Dart              |       |     3 |       ||     3
         Stone             |       |     3 |    12 ||    15
    Use: Scroll            |     2 |     2 |     8 ||    12
         Potion            |     1 |       |     3 ||     4
   Stab: Sleeping          |     1 |       |       ||     1
 Armour: Animal skin       |     8 |       |       ||     8
         Ring mail         |    29 |    19 |       ||    48
         Scale mail        |       |    49 |    29 ||    78
         Robe              |       |       |    89 ||    89
  Dodge: Dodged            |    56 |    44 |   113 ||   213
   Form: Beast             |       |       |     2 ||     2
                           |       |       |     1 ||     1
         Flux              |       |       |     1 ||     1

Table legend: (Time is in decaauts)
 A = Elapsed time spent in this place.
 B = Non-inter-level travel time spent in this place.
 C = Inter-level travel time spent in this place.
 D = Time resting spent in this place.
 E = Time spent auto-exploring this place.
 F = Levels seen in this place.
 G = Mean time per level.
                   A        B        C        D        E       F      G
               +--------+--------+--------+--------+--------+-----+--------+
         Total |   5737 |   5014 |    723 |   1157 |   2521 |   6 |  956.2 |
       Dungeon |   5737 |   5014 |    723 |   1157 |   2521 |   6 |  956.2 |
               +--------+--------+--------+--------+--------+-----+--------+

Top non-repeatable levels by time:
     D:5: 1541 daAuts
     D:2: 1127 daAuts
     D:3: 1043 daAuts
     D:4: 889 daAuts
     D:1: 850 daAuts
     D:6: 284 daAuts
